 Dungeon Crawl Stone Soup version 0.31-a0-971-g75a2e9a4b4 (console) character file.

Game seed: 12422008485794567934

189 jejorda2 the Chopper (level 5, 0/70 HPs)
             Began as a Gnoll Berserker on Oct 28, 2023.
             Was a Believer of Trog.
             Succumbed to an orc's poison
             ... on level 3 of the Dungeon.
             The game lasted 00:04:34 (1997 turns).

jejorda2 the Chopper (Gnoll Berserker)              Turns: 1997, Time: 00:04:35

Health: 0/70       AC: 12    Str: 18    XL:     5   Next: 68%
Magic:  7/7        EV:  9    Int:  6    God:    Trog [**....]
Gold:   93         SH:  0    Dex: 14    Spells: 7/7 levels left

rFire   + . .        a - +0 hand axe
rCold   . . .        (no shield)
rNeg    . . .        o - +0 chain mail
rPois   .            r - +0 helmet of Erghunita {rF+ Dex+2}
rElec   .            (no cloak)
rCorr   .            (no gloves)
SInv    .            q - +0 pair of boots
Will    .....        n - amulet of faith Stlth
                     (no ring)
HPRegen 0.31/turn    (no ring)
MPRegen 0.10/turn

%: faith
@: berserking (expiring), lethally poisoned (0 -> -17), very quick
A: fangs 1, strong nose, distributed training
a: Renounce Religion, Berserk, Trog's Hand


You were on level 3 of the Dungeon.
You worshipped Trog.
Trog was pleased with you.
You visited 1 branch of the dungeon, and saw 3 of its levels.

You collected 93 gold pieces.

Inventory:

Hand Weapons
 a - a +0 hand axe (weapon)
 i - a +2 flail of protection
Missiles
 b - 12 poisoned darts (quivered)
Armour
 o - a +0 chain mail (worn)
 q - a +0 pair of boots (worn)
 r - the +0 helmet of Erghunita (worn) {rF+ Dex+2}
   (You took it off Robin on level 3 of the Dungeon)

   Dex+2:     It affects your dexterity (+2).
   rF+:       It protects you from fire.
Jewellery
 j - a ring of ice
 n - an amulet of faith (around neck)
Scrolls
 c - 7 scrolls of identify {unknown}
 e - a scroll of fear {unknown}
 f - 2 scrolls of butterflies {unknown}
 g - 2 scrolls of amnesia {unknown}
 h - a scroll of fog {unknown}
 p - a scroll of enchant weapon {unknown}
Potions
 d - 2 potions of curing {unknown}
 k - a potion of resistance {unknown}
 l - a potion of degeneration {unknown}
 m - a potion of brilliance {unknown}


   Skills:
 + Level 6.7 Fighting
 + Level 1.6 Short Blades
 + Level 1.6 Long Blades
 + Level 6.7 Axes
 + Level 1.6 Maces & Flails
 + Level 1.6 Polearms
 + Level 1.6 Staves
 + Level 1.6 Ranged Weapons
 + Level 1.6 Throwing
 + Level 4.8 Armour
 + Level 4.8 Dodging
 + Level 1.6 Stealth
 + Level 1.6 Shields
 + Level 1.6 Unarmed Combat
 + Level 1.6 Spellcasting
 + Level 1.3 Conjurations
 + Level 1.3 Hexes
 + Level 1.3 Summonings
 + Level 1.3 Necromancy
 + Level 1.3 Translocations
 + Level 1.3 Transmutations
 + Level 1.3 Fire Magic
 + Level 1.3 Ice Magic
 + Level 1.3 Air Magic
 + Level 1.3 Earth Magic
 + Level 1.3 Poison Magic
 + Level 1.8 Invocations
 + Level 1.6 Evocations
 + Level 1.4 Shapeshifting


You had 7 spell levels left.
You didn't know any spells.
Your spell library was empty.

Dungeon Overview and Level Annotations

Branches:
Dungeon (3/15)

Altars:


Innate Abilities, Weirdness & Mutations

You have very sharp teeth.
Your uncanny sense of smell can sniff out nearby items.
Your experience applies equally to all skills.


Message History

The orc hits you from afar with a +2 trident of venom.
You hit the orc.
You kill the orc!
Trog accepts your kill.
You feel sick. The orc hits you but does no damage.
You are more poisoned.
You feel very sick.
You completely miss the orc. You hit the orc but do no damage.
You feel sick. The orc barely misses you. The orc hits you but does no damage.
You are lethally poisoned!
You hit the orc.
The orc is heavily wounded.
You closely miss the orc.
* * * LOW HITPOINT WARNING * * *
You feel very sick. The orc hits you but does no damage.
The orc hits you with a +2 trident of venom.
* * * LOW HITPOINT WARNING * * *
You are more poisoned.
You slash the orc!
You feel the power of Trog in you as your rage grows.
You kill the orc!
Trog accepts your kill.
You closely miss the orc.
* * * LOW HITPOINT WARNING * * *
You feel very sick.
You slash the orc!
You kill the orc!
Trog accepts your kill.
* * * LOW HITPOINT WARNING * * *
You feel very sick.
* * * LOW HITPOINT WARNING * * *
You feel very sick.
Items here: ) [ †.
You slash the orc!
You kill the orc!
Trog accepts your kill.
* * * LOW HITPOINT WARNING * * *
You feel very sick.
You die...

#.# ####### ##.######.
#.######[....## #.# #.
#.##.##.......## #..# #.
#.##.#.........###..### #.
#..#.#.........##....... #.
##...#.........##..# #.# ##
##..#......))....# #.#
#..)#.......)?##.# #.#
#)#)#.....@.).#..# #.#
#.#†#..!.)....#.## #.# ##
##.#.#.....>...#.#####.####.
#..#..............#.........
#.###...........#...##.#####
#)# #.#.........###....####
#.# #.##.....#.## ##......##
#.# .....####.# ##..##...
##.# .. #.......


There were no monsters in sight!

Vanquished Creatures
  An orc priest (D:3)
  An orc wizard (D:3)
  Robin (D:3)
  A gnoll (D:1)
  2 adders (D:3)
  3 worms
  A dart slug (D:1)
  12 orcs (D:3)
  7 ball pythons
  2 endoplasms
  2 giant cockroaches (D:3)
  11 goblins
  8 hobgoblins
  3 quokkas
  A bat (D:1)
  3 frilled lizards
  7 kobolds
  3 rats
69 creatures vanquished.

Notes
Turn   | Place    | Note
-------+----------+-------------------------------------------
     0 | D:1      | jejorda2 the Gnoll Berserker began the quest for the Orb.
     0 | D:1      | Reached XP level 1. HP: 23/23 MP: 1/1
   114 | D:1      | Reached XP level 2. HP: 22/29 MP: 2/2
   383 | D:1      | Reached XP level 3. HP: 35/35 MP: 3/3
   740 | D:2      | Reached skill level 1 in Invocations
  1048 | D:2      | Reached skill level 1 in Short Blades
  1048 | D:2      | Reached skill level 1 in Long Blades
  1048 | D:2      | Reached skill level 1 in Maces & Flails
  1048 | D:2      | Reached skill level 1 in Polearms
  1048 | D:2      | Reached skill level 1 in Staves
  1048 | D:2      | Reached skill level 1 in Ranged Weapons
  1048 | D:2      | Reached skill level 1 in Throwing
  1048 | D:2      | Reached skill level 1 in Stealth
  1048 | D:2      | Reached skill level 1 in Shields
  1048 | D:2      | Reached skill level 1 in Unarmed Combat
  1048 | D:2      | Reached skill level 1 in Spellcasting
  1048 | D:2      | Reached skill level 1 in Evocations
  1156 | D:2      | Reached ** piety under Trog
  1452 | D:3      | Reached XP level 4. HP: 41/41 MP: 5/5
  1455 | D:3      | Reached skill level 1 in Shapeshifting
  1461 | D:3      | Reached skill level 1 in Conjurations
  1461 | D:3      | Reached skill level 1 in Hexes
  1461 | D:3      | Reached skill level 1 in Summonings
  1461 | D:3      | Reached skill level 1 in Necromancy
  1461 | D:3      | Reached skill level 1 in Translocations
  1461 | D:3      | Reached skill level 1 in Transmutations
  1461 | D:3      | Reached skill level 1 in Fire Magic
  1461 | D:3      | Reached skill level 1 in Ice Magic
  1461 | D:3      | Reached skill level 1 in Air Magic
  1461 | D:3      | Reached skill level 1 in Earth Magic
  1461 | D:3      | Reached skill level 1 in Poison Magic
  1465 | D:3      | Reached XP level 5. HP: 23/47 MP: 5/7
  1663 | D:3      | Identified the +0 helmet of Erghunita {rF+ Dex+2}
  1663 | D:3      | Noticed Robin
  1678 | D:3      | Killed Robin
  1996 | D:3      | HP: 3/70 [poisoned by an orc]
  1997 | D:3      | Succumbed to an orc's poison

Illustrated notes

Levels and vault maps discovered:
D:1:      dpeg_arrival_more_subterranean_lakeside_camping, layout_basic
D:2:      layout_loops_ring
D:3:      layout_rooms, mainiacjoe_overflow_big_doors, nrook_campfire, hex_tiny,
          minmay_unequal, uniq_robin

Skill      XL: |  1  2  3  4 |
---------------+-------------+-----
Invocations    | 1 |  1.8
Short Blades   | 1 |  1.6
Long Blades    | 1 |  1.6
Maces & Flails | 1 |  1.6
Polearms       | 1 |  1.6
Staves         | 1 |  1.6
Ranged Weapons | 1 |  1.6
Throwing       | 1 |  1.6
Stealth        | 1 |  1.6
Shields        | 1 |  1.6
Unarmed Combat | 1 |  1.6
Spellcasting   | 1 |  1.6
Evocations     | 1 |  1.6
Shapeshifting  | 1 |  1.4
Conjurations   | 1 |  1.3
Hexes          | 1 |  1.3
Summonings     | 1 |  1.3
Necromancy     | 1 |  1.3
Translocations | 1 |  1.3
Transmutations | 1 |  1.3
Fire Magic     | 1 |  1.3
Ice Magic      | 1 |  1.3
Air Magic      | 1 |  1.3
Earth Magic    | 1 |  1.3
Poison Magic   | 1 |  1.3
Fighting       | |  6.7
Axes           | |  6.7
Armour         | |  4.8
Dodging        | |  4.8

Action                     |  1- 3 |  4- 6 || total
---------------------------+-------+-------++-------
  Melee: Hand axe          |   103 |    84 ||   187
         Bite              |     5 |    13 ||    18
         Punch             |     1 |     1 ||     2
  Throw: Dart              |       |     2 ||     2
 Invoke: Berserk           |     2 |     1 ||     3
         Trog's Hand       |     1 |       ||     1
   Stab: Sleeping          |     1 |       ||     1
 Armour: Animal skin       |    11 |       ||    11
         Ring mail         |    20 |       ||    20
         Chain mail        |     1 |    55 ||    56
  Dodge: Dodged            |    72 |    31 ||   103

Table legend: (Time is in decaauts)
 A = Elapsed time spent in this place.
 B = Non-inter-level travel time spent in this place.
 C = Inter-level travel time spent in this place.
 D = Time resting spent in this place.
 E = Time spent auto-exploring this place.
 F = Levels seen in this place.
 G = Mean time per level.
                   A        B        C        D        E       F      G
               +--------+--------+--------+--------+--------+-----+--------+
         Total |   2003 |   1938 |     65 |    175 |   1292 |   3 |  667.7 |
       Dungeon |   2003 |   1938 |     65 |    175 |   1292 |   3 |  667.7 |
               +--------+--------+--------+--------+--------+-----+--------+

Top non-repeatable levels by time:
     D:1: 731 daAuts
     D:2: 669 daAuts
     D:3: 603 daAuts
